 Dungeon Crawl Stone Soup version 0.28-a0-622-gbaef9634d7 (webtiles) character file.

Game seed: 16836328802630932433

21208 KristoblXynda the Carver (level 12, -3/106 HPs)
             Began as a Yellow Draconian Gladiator on Oct 7, 2021.
             Was a High Priest of Cheibriados.
             Shot with an arrow by a centaur warrior (6 damage)
             ... on level 13 of the Dungeon.
             The game lasted 00:20:15 (12637 turns).

KristoblXynda the Carver (DrGl)                    Turns: 12637, Time: 00:20:16

Health: -3/106     AC: 14    Str: 30    XL:     12   Next: 52%
Magic:  15/15      EV: 21    Int: 25    God:    Cheibriados [*****.]
Gold:   344        SH:  7    Dex: 24    Spells: 8/11 levels left

rFire   + . .      SeeInvis +   z - +4 scimitar (flame)
rCold   + . .      Faith    .   v - +0 buckler
rNeg    . . .      Spirit   .   (armour unavailable)
rPois   .          Reflect  .   b - +1 hat
rElec   .          Harm     .   p - scarf {rC+ rF+}
rCorr   +          Rampage  .   A - +1 pair of gloves
Will    .....                   o - +2 pair of boots
Stlth   ++........              u - amulet of regeneration
HPRegen 1.27/turn               g - ring of see invisible
MPRegen 0.14/turn               (no ring)

@: short of breath, very slow
A: spit acid, AC +8, unfitting armour, cold-blooded, acid resistance
a: Breathe Acid, Renounce Religion, Bend Time, Temporal Distortion, Slouch, Step
From Time


You were on level 13 of the Dungeon.
You worshipped Cheibriados.
Cheibriados was extremely pleased with you.
You visited 1 branch of the dungeon, and saw 13 of its levels.

You collected 796 gold pieces.
You spent 452 gold pieces at shops.

Inventory:

Hand Weapons
 z - a +4 scimitar of flaming (weapon)
 F - a +1 vorpal scimitar
Missiles
 c - 8 throwing nets (quivered)
Armour
 b - a +1 hat (worn)
 o - a +2 pair of boots (worn)
 p - a scarf of resistance (worn)
 v - a +0 buckler (worn)
 A - a +1 pair of gloves (worn)
 B - a +2 kite shield
Jewellery
 g - a ring of see invisible (left hand)
 r - a ring of flight
 u - an amulet of regeneration (around neck)
Wands
 j - a wand of iceblast (11)
 s - a wand of mindburst (26)
 C - a wand of digging (5)
 E - a wand of paralysis (7)
Scrolls
 d - a scroll of amnesia
 e - 5 scrolls of magic mapping
 m - a scroll of blinking
 n - a scroll of identify
 t - 2 scrolls of holy word
 y - 2 scrolls of silence
 D - 2 scrolls of teleportation
 H - a scroll of enchant weapon
 I - a scroll of enchant armour
Potions
 a - 4 potions of mutation
 f - a potion of heal wounds
 h - 3 potions of magic
 i - 3 potions of might
 k - a potion of attraction
 l - a potion of flight
 q - 2 potions of lignification
 w - a potion of cancellation
 x - 2 potions of resistance
 G - 3 potions of curing
Miscellaneous
 J - a phantom mirror


   Skills:
 - Level 10.1 Fighting
 + Level 11.9 Long Blades
 - Level 2.0 Throwing
 + Level 10.7 Dodging
 + Level 6.5 Shields
 + Level 3.2 Hexes
 - Level 5.2 Invocations
 - Level 5.2 Evocations


You had 8 spell levels left.
You knew the following spells:

 Your Spells              Type           Power      Damage    Failure   Level
a - Tukima's Dance        Hex            16%        N/A       11%         3

Your spell library contained the following spells:

 Spells                   Type           Power      Damage    Failure   Level
 Ensorcelled Hibernation  Hex/Ice        16%        N/A       11%         2
 Static Discharge         Conj/Air       0%         N/A       21%         2
 Dazzling Flash           Conj/Hex       16%        N/A       22%         3
 Airstrike                Air            0%         N/A       80%         4
 Dispel Undead            Necr           0%         3d6       80%         4
 Sticky Flame             Conj/Fire      0%         2d3       80%         4
 Summon Lightning Spire   Summ/Air       0%         N/A       80%         4
 Silence                  Hex/Air        4%         N/A       89%         5
 Agony                    Necr           0%         N/A       98%         5
 Lightning Bolt           Conj/Air       0%         1d11      98%         5


Dungeon Overview and Level Annotations

Branches:
Dungeon (13/15)            Temple (0/1) D:4            Lair (0/6) D:9
    Orc (0/2) D:9
 Vaults: D:13-14

Altars:
Ashenzari
Cheibriados
Dithmenos
Fedhas
Kikubaaqudgha
Nemelex Xobeh
Qazlal
Sif Muna
Uskayaw
Vehumet
Xom

Shops:
D:3 (   D:9 [?(:   D:10 *


Innate Abilities, Weirdness & Mutations

You can spit globs of acid.
Your golden yellow scales are hard. (AC +8)
You cannot fit into any form of body armour.
You are cold-blooded and may be slowed by cold attacks.
You are resistant to acid. (rCorr)


Message History

Cheibriados thoroughly appreciates the change of pace.
The centaur warrior shoots an arrow.
The arrow hits you!!
The centaur warrior shoots an arrow.
The arrow hits you.
Found a scroll of magic mapping.
The centaur warrior shoots an arrow.
The arrow hits you!
The centaur warrior shoots an arrow.
You block the arrow.
The centaur warrior shoots an arrow.
The arrow hits you!
A freezing wraith opens the door.
The centaur warrior shoots an arrow.
The arrow hits you!!
* * * LOW HITPOINT WARNING * * *
You are too injured to fight recklessly!
You are too injured to fight recklessly!
You are too injured to fight recklessly!
You are too injured to fight recklessly!
You are too injured to fight recklessly!
You are too injured to fight recklessly!
You are too injured to fight recklessly!
You are too injured to fight recklessly!
You are too injured to fight recklessly!
You are too injured to fight recklessly!
You are too injured to fight recklessly!
You are too injured to fight recklessly!
You are too injured to fight recklessly!
You are too injured to fight recklessly!
Unknown command.
Unknown command.
Press: ? - help, Shift-Dir - straight line, f - centaur warrior
Aim: a centaur warrior, wielding a +1 vorpal longbow and quivering arrows You spit a glob of acid.
The glob of acid hits the centaur warrior!!
The acid corrodes the centaur warrior!
The centaur warrior is moderately wounded.
The centaur warrior shoots an arrow.
The arrow hits you!
* * * LOW HITPOINT WARNING * * *
x2 A death knight comes into view. It is wielding a +3 battleaxe.
The centaur warrior shoots an arrow.
The arrow hits you!!
* * * LOW HITPOINT WARNING * * *
x2 Unknown command.
You feel much better.
The centaur warrior shoots an arrow.
The arrow hits you!!
* * * LOW HITPOINT WARNING * * *
You die...

.......#### ####+######
######## ## # .# ### .#
..# #####'##### #.##
#........?. #..#
#.......... ##.#######
#....c..... .........###
#..@.......
##.#####...###..........
#.## ###...'..........
#..### #####..........
##...# ###W#######
###.## #.p #..## ###
##..# #######'###


You could see a death knight, a centaur warrior (corroded) and a freezing
wraith.

Vanquished Creatures
  A hydra (D:12)
  Harold (D:9)
  2 boulder beetles
  3 centaur warriors
  6 two-headed ogres
  Erica (D:9)
  Pikel (D:9)
  3 ugly things (D:12)
  A manticore (D:13)
  A guardian serpent (D:11)
  4 trolls
  Grinder (D:6)
  A shadow (D:12)
  10 yaks
  5 wraiths
  10 vampire mosquitoes
  A steam dragon (D:8)
  A water moccasin (D:5)
  3 necrophages (D:6)
  4 ice beasts
  3 black bears (D:9)
  An ogre (D:5)
  17 centaurs
  2 phantoms
  A kobold brigand (D:9)
  Blork the orc (D:4)
  A wyvern zombie (D:9)
  4 bullfrogs
  3 gnoll sergeants
  6 scorpions
  A water moccasin skeleton (D:6)
  6 killer bees
  5 wights (D:8)
  12 howler monkeys
  A bullfrog skeleton (D:5)
  5 centaur zombies
  2 hounds
  2 jellies
  7 orc priests
  2 centaur skeletons
  Jessica (D:2)
  3 iguanas
  10 orc wizards
  A hound zombie (D:5)
  A hound skeleton (D:5)
  A howler monkey zombie (D:9)
  13 gnolls
  11 adders
  3 shadow imps
  3 white imps
  2 ufetubi
  An adder skeleton (D:4)
  A worm (D:3)
  6 dart slugs
  22 orcs
  5 ball pythons
  9 endoplasms
  4 giant cockroaches
  3 goblins
  10 hobgoblins
  3 jackals (D:2)
  3 quokkas
  9 bats
  6 frilled lizards
  13 kobolds
  7 rats
293 creatures vanquished.

Vanquished Creatures (collateral kills)
  A scorpion (D:9)
1 creature vanquished.

Vanquished Creatures (others)
  A black bear (D:9)
  45 fungi (D:9)
  62 plants
108 creatures vanquished.

Grand Total: 402 creatures vanquished

Notes
Turn   | Place    | Note
-------+----------+-------------------------------------------
     0 | D:1      | KristoblXynda the Draconian Gladiator began the quest for
                  | the Orb.
     0 | D:1      | Reached XP level 1. HP: 17/17 MP: 1/1
   370 | D:1      | Reached XP level 2. HP: 25/25 MP: 2/2
   803 | D:1      | Found a faded altar of an unknown god.
  1606 | D:2      | Reached XP level 3. HP: 23/30 MP: 3/3
  2238 | D:2      | Found a radiant altar of Vehumet.
  2505 | D:2      | Noticed Jessica
  2515 | D:2      | Killed Jessica
  2516 | D:2      | Reached skill level 4 in Long Blades
  2516 | D:2      | Reached XP level 4. HP: 38/38 MP: 4/4
  2935 | D:3      | Found Cyril's Antique Weapon Shop.
  3150 | D:3      | Reached XP level 5. HP: 31/45 MP: 5/5
  3391 | D:3      | Found a snail-covered altar of Cheibriados.
  3550 | D:3      | Became a worshipper of Cheibriados the Contemplative
  3973 | D:4      | Reached skill level 5 in Long Blades
  4238 | D:4      | Found a staircase to the Ecumenical Temple.
  4246 | D:4      | Reached XP level 6. HP: 39/52 MP: 6/6
  4594 | D:4      | Reached * piety under Cheibriados
  4831 | D:4      | Noticed Blork the orc
  4841 | D:4      | Killed Blork the orc
  4842 | D:4      | Reached skill level 1 in Invocations
  5206 | D:5      | Entered Level 5 of the Dungeon
  5390 | D:5      | Your scales start taking on a golden yellow colour.
  5390 | D:5      | Reached XP level 7. HP: 55/60 MP: 8/8
  5390 | D:5      | Gained mutation: You are resistant to acid. (rCorr) [Yellow
                  | Draconian growth]
  5628 | D:5      | Reached skill level 5 in Fighting
  5756 | D:5      | Reached skill level 6 in Long Blades
  6128 | D:5      | Reached ** piety under Cheibriados
  6180 | D:5      | Reached skill level 1 in Evocations
  6409 | D:5      | Reached skill level 5 in Dodging
  6409 | D:5      | Reached XP level 8. HP: 56/68 MP: 10/10
  6451 | D:5      | Found a shadowy altar of Dithmenos.
  6496 | D:5      | Found a shimmering blue altar of Sif Muna.
  7084 | D:6      | Reached skill level 7 in Long Blades
  7087 | D:6      | Noticed Grinder
  7089 | D:6      | Reached skill level 5 in Invocations
  7100 | D:6      | Paralysed by Grinder for 7 turns
  7109 | D:6      | Killed Grinder
  7110 | D:6      | Reached XP level 9. HP: 74/74 MP: 12/12
  7660 | D:6      | Reached skill level 1 in Shields
  7665 | D:6      | Reached *** piety under Cheibriados
  8990 | D:8      | Found a blossoming altar of Fedhas.
  8997 | D:8      | Reached skill level 8 in Long Blades
  9002 | D:8      | Found a broken altar of Ashenzari.
  9008 | D:8      | Reached skill level 5 in Evocations
  9681 | D:9      | Reached **** piety under Cheibriados
  9715 | D:9      | Noticed Harold
  9722 | D:9      | Found a staircase to the Lair.
  9738 | D:9      | Reached XP level 10. HP: 36/83 MP: 13/13
  9852 | D:9      | Noticed Erica
  9865 | D:9      | Killed Erica
  9905 | D:9      | Noticed a two-headed ogre
  9907 | D:9      | Found Haxket's Magic Scroll Shoppe.
  9912 | D:9      | Killed a two-headed ogre
  9913 | D:9      | Reached skill level 9 in Long Blades
  9915 | D:9      | Found a staircase to the Orcish Mines.
  9925 | D:9      | Bought a scroll of identify for 30 gold pieces
  9925 | D:9      | Bought a scroll of enchant weapon for 112 gold pieces
  9925 | D:9      | Bought a scroll of identify for 30 gold pieces
  9925 | D:9      | Bought a scroll of identify for 30 gold pieces
 10008 | D:9      | Noticed Pikel
 10011 | D:9      | Killed Harold
 10019 | D:9      | Killed Pikel
 10057 | D:9      | Reached XP level 11. HP: 94/94 MP: 14/14
 10208 | D:9      | Found Iwekh's Antique Weapon Boutique.
 10216 | D:9      | Bought a glowing scimitar for 154 gold pieces
 10219 | D:9      | Found Kuadweil's Self-Improvement Boutique.
 10323 | D:9      | Found Toixic's Armour Shoppe.
 10451 | D:10     | Entered Level 10 of the Dungeon
 10487 | D:10     | Reached skill level 10 in Long Blades
 10494 | D:10     | Reached ***** piety under Cheibriados
 10567 | D:10     | Found Vameth's General Store.
 10576 | D:10     | Bought a potion of mutation for 96 gold pieces
 10578 | D:10     | Noticed a centaur warrior
 10603 | D:10     | Killed a centaur warrior
 10633 | D:10     | Found an ancient bone altar of Kikubaaqudgha.
 10665 | D:10     | Found a stormy altar of Qazlal.
 10669 | D:10     | Found a sparkling altar of Nemelex Xobeh.
 10669 | D:10     | Found a hide-covered altar of Uskayaw.
 10677 | D:10     | Found a shimmering altar of Xom.
 10678 | D:10     | You fall into a shaft and drop 1 floor!
 10956 | D:11     | Learned a level 3 spell: Tukima's Dance
 11009 | D:11     | Identified the +5 hand crossbow of Bloody Death {vorpal,
                  | rC- rN++}
 11103 | D:11     | Noticed a boulder beetle
 11121 | D:11     | Killed a boulder beetle
 11124 | D:11     | Noticed a two-headed ogre
 11131 | D:11     | Killed a two-headed ogre
 11374 | D:12     | Noticed a two-headed ogre
 11387 | D:12     | Killed a two-headed ogre
 11388 | D:12     | Reached skill level 11 in Long Blades
 11406 | D:12     | Noticed a two-headed ogre
 11412 | D:12     | Killed a two-headed ogre
 11451 | D:12     | Noticed a brown ugly thing
 11451 | D:12     | Noticed a red ugly thing
 11464 | D:12     | Killed a red ugly thing
 11465 | D:12     | Reached skill level 10 in Fighting
 11465 | D:12     | Reached skill level 10 in Dodging
 11467 | D:12     | Killed a brown ugly thing
 11468 | D:12     | Reached skill level 5 in Shields
 11510 | D:12     | Noticed a two-headed ogre
 11515 | D:12     | Killed a two-headed ogre
 11516 | D:12     | Reached XP level 12. HP: 96/106 MP: 15/15
 11696 | D:12     | Noticed a two-headed ogre
 11704 | D:12     | Killed a two-headed ogre
 11705 | D:12     | Reached skill level 1 in Hexes
 11816 | D:12     | Noticed a boulder beetle
 11820 | D:12     | Noticed a six-headed hydra
 11824 | D:12     | Killed a boulder beetle
 11830 | D:12     | Killed a two-headed hydra
 12161 | D:13     | Noticed a centaur warrior
 12163 | D:13     | Killed a centaur warrior
 12271 | D:13     | Noticed a centaur warrior
 12279 | D:13     | Killed a centaur warrior
 12630 | D:13     | Noticed a centaur warrior
 12636 | D:13     | Noticed a death knight
 12636 | D:13     | HP: 5/106 [centaur warrior/arrow (19)]
 12636 | D:13     | HP: 2/106 [centaur warrior/arrow (3)]
 12637 | D:13     | Shot with an arrow by a centaur warrior

Illustrated notes

Levels and vault maps discovered:
D:1:      onia_arrival_mini_maze_b, layout_loops_corners,
          shapermc_ecumenical_altar_flowoftime
D:2:      layout_rooms, basic_altar, minmay_misc_feat_more_columns,
          minmay_misc_feat_roman, columned_hall_lemuel, lexackson_kobold_supper,
          uniq_jessica
D:3:      minmay_chambers_of_threes, layout_rooms, overflow_temple_1_default,
          serial_shops, nicolae_shop_overgrown_old_shop,
          kennysheep_small_spiral, minmay_misc_feat_ornament,
          kennysheep_minor_cross
D:4:      layout_loops_ring, minmay_temple_entry_mist, uniq_blork_the_orc
D:5:      layout_cave_pools, mainiacjoe_overflow_paths, led_sif_pool,
          minmay_small_thing
D:6:      layout_layer_cave, uniq_grinder
D:7:      layout_cave_pools
D:8:      layout_basic, mainiacjoe_overflow_alcove_1,
          ashenzari_conservatory_becter
D:9:      layout_cave_pools, due_lair_maze_entry_diamond, serial_shops, shop,
          shop, kennysheep_little_box, nicolae_shop_self_help, uniq_pikel,
          uniq_erica, uniq_harold
D:10:     layout_rooms, mainiacjoe_overflow_tiny_flanked,
          nicolae_ru_path_of_blood, minmay_overflow_temple_star_hex,
          serial_shops, shop, st_stairs_8
D:11:     layout_cross, nrook_guardian_serpent_double
D:12:     layout_basic
D:13:     layout_roguey

Skill      XL: |  1  2  3  4  5  6  7  8  9 10 11 12 |
---------------+-------------------------------------+-----
Throwing       | 2 |  2.0
Dodging        | 3 4 5 6 7 8 10 | 10.7
Fighting       | 3 4 5 8 10 | 10.1
Long Blades    | 4 5 6 7 8 9 11 | 11.9
Invocations    | 1 3 5 |  5.2
Evocations     | 1 3 5 |  5.2
Shields        | 4 5 6 |  6.5
Hexes          | 3 |  3.2

Action                   |  1- 3 |  4- 6 |  7- 9 | 10-12 || total
-------------------------+-------+-------+-------+-------++-------
Melee: Long sword        |   118 |   192 |   345 |    30 ||   685
       Tailslap          |    14 |    27 |    72 |    80 ||   193
       Scimitar          |       |       |       |   254 ||   254
Invok: Slouch            |       |       |       |     3 ||     3
 Abil: Breathe Acid      |       |       |    11 |    12 ||    23
Evoke: Wand              |       |       |     5 |    17 ||    22
  Use: Scroll            |       |     5 |     8 |    16 ||    29
       Potion            |       |       |       |     2 ||     2
 Stab: Sleeping          |     3 |       |       |       ||     3
       Paralysed         |       |       |       |     7 ||     7
Armor: Skin              |    49 |    62 |   139 |   115 ||   365
Dodge: Dodged            |    80 |   137 |   372 |   381 ||   970
Block: Buckler           |       |       |    64 |   132 ||   196

Table legend: (Time is in decaauts)
 A = Elapsed time spent in this place.
 B = Non-inter-level travel time spent in this place.
 C = Inter-level travel time spent in this place.
 D = Time resting spent in this place.
 E = Time spent auto-exploring this place.
 F = Levels seen in this place.
 G = Mean time per level.
                   A        B        C        D        E       F      G
               +--------+--------+--------+--------+--------+-----+--------+
         Total |  16304 |  15563 |    741 |   2276 |  10511 |  13 | 1254.2 |
       Dungeon |  16304 |  15563 |    741 |   2276 |  10511 |  13 | 1254.2 |
               +--------+--------+--------+--------+--------+-----+--------+

Top non-repeatable levels by time:
     D:6: 1881 daAuts
     D:8: 1812 daAuts
     D:4: 1667 daAuts
     D:1: 1557 daAuts
     D:5: 1553 daAuts
    D:12: 1390 daAuts
     D:3: 1281 daAuts
     D:2: 1215 daAuts
     D:9: 1126 daAuts
    D:11: 958 daAuts
    D:13: 863 daAuts
     D:7: 641 daAuts
    D:10: 354 daAuts
